 Dungeon Crawl Stone Soup version 0.31.0-4-g52a2dc7128 (console) character file.

Game seed: 14114145867636438116

102 AlterAsc the Insei (level 4, -1/28 HPs)
             Began as an Octopode Shapeshifter on Jan 24, 2024.
             Slain by an orc
             ... wielding a +0 trident
              (9 damage)
             ... on level 3 of the Dungeon.
             The game lasted 00:02:53 (1809 turns).

AlterAsc the Insei (Octopode Shapeshifter)          Turns: 1809, Time: 00:02:53

Health: -1/28      AC:  1    Str: 13    XL:     4   Next: 78%
Magic:  4/4        EV: 13    Int: 12    God:
Gold:   146        SH:  0    Dex: 13    Spells: 3/3 levels left

rFire   . .          .
                       - Unarmed
rCold   . . .        (no shield)
rNeg    . . .        (helmet currently unavailable)
rPois   .            (no amulet)
rElec   .            (no ring)
rCorr   .            (no ring)
SInv    .            (no ring)
Will    .....        (no ring)
Stlth   ++           (no ring)
HPRegen 0.24/turn    (no ring)
MPRegen 0.09/turn    (no ring)
                     (no ring)

%: no passive effects
@: beast-form
A: beast (slay +1), almost no armour, amphibious, 8 rings, camouflage 1,
gelatinous body 1, (nimble swimmer 1), tentacles
a: Begin Untransformation


You were on level 3 of the Dungeon.
You were a hulking beast.
You visited 1 branch of the dungeon, and saw 3 of its levels.

You collected 146 gold pieces.

Inventory:

Hand Weapons
 f - a +1 short sword of holy wrath
Missiles
 d - 15 stones (quivered)
Jewellery
 e - a ring of fire
Talismans
 b - a beast talisman
 c - a flux talisman
Wands
 o - a wand of paralysis (1)
Scrolls
 k - a scroll of silence {unknown}
 l - 4 scrolls of enchant armour {unknown}
 n - a scroll of identify {unknown}
Potions
 a - a potion of lignification
 g - a potion of might {unknown}
 h - a potion of mutation {unknown}
 i - 2 potions of curing {unknown}
 j - a potion of attraction {unknown}
 m - 2 potions of heal wounds {unknown}
 p - a potion of magic {unknown}


   Skills:
 - Level 1.0 Fighting
 - Level 2.0 Dodging
 + Level 5.3 Unarmed Combat
 - Level 3.0 Shapeshifting


You had 3 spell levels left.
You didn't know any spells.
Your spell library contained the following spells:

 Spells                   Type           Power      Damage    Failure   Level
 Sting                    Conj/Alch      0%         1d3       32%         1
 Mercury Vapours          Alch/Air       0%         N/A       45%         2
 Olgreb's Toxic Radiance  Alch           0%         N/A       97%         4


Dungeon Overview and Level Annotations

Branches:
Dungeon (3/15)

Altars:

Shops:
D:1 :


Innate Abilities, Weirdness & Mutations

You are a hulking beast.
Your limbs bulge with bestial killing power. (Slay +1)
You cannot wear most types of armour.
You are amphibious.
You can wear up to eight rings at the same time.
Your skin changes colour to match your surroundings (Stealth+).
Your rubbery body absorbs attacks. (AC +1, EV +1)
((You are camouflaged when in or above water. (Stealth+)))
You have tentacles for arms and can constrict up to eight enemies at once.


Message History

Press: ? - help, Q - select action, (/) - cycle Shift-Dir - straight line, f/p - orc
Aim: an orc, wielding a +0 short sword (lightly wounded, 56% to hit)
You throw a stone. The stone barely misses the orc.
The stone hits the orc.
The orc is lightly wounded.
Throw: 17 stones
Press: ? - help, Q - select action, (/) - cycle Shift-Dir - straight line, f/p - orc
Aim: an orc, wielding a +0 short sword (lightly wounded, 56% to hit)
You throw a stone. The stone closely misses the orc.
An orc comes into view. It is wielding a +0 short sword.
Throw: 16 stones
Press: ? - help, Q - select action, (/) - cycle Shift-Dir - straight line, f/p - orc
Aim: an orc, wielding a +0 short sword (56% to hit)
You throw a stone. The stone hits the orc.
The orc is moderately wounded.
Throw: 15 stones
Press: ? - help, Q - select action, (/) - cycle Shift-Dir - straight line, f - orc, p - orc
Aim: an orc, wielding a +0 trident (56% to hit)
Okay, then.
The orc hits you with a +0 short sword. The orc closely misses you.
There is a stone staircase leading down here.
You barely miss the orc. You grab the orc.
The orc is moderately wounded.
You constrict the orc. The orc barely misses you. x2
You tentacle-slap the orc. You squeeze the orc.
You kill the orc!
The orc hits you from afar with a +0 trident!
The orc barely misses you.
Things that are here:
a +0 short sword; an orc corpse You barely miss the orc.
Your grab misses the orc. The orc hits you with a +0 trident.
You tentacle-slap the orc but do no damage.
You grab the orc. You constrict the orc. The orc hits you with a +0 trident.
You are too injured to fight recklessly!
You tentacle-slap the orc.
The orc is heavily wounded.
You constrict the orc. The orc hits you with a +0 trident.
* * * LOW HITPOINT WARNING * * *
You release your grip on the orc.
The orc hits you from afar with a +0 trident!
You die...

###.#######.# ..#.# #.# #.#.#
#.# #.#.# #####.# #.#.# #...†.#
#.#.# #.###.# #.#.# #.# #.###
########.#.###.###...#
.....................#
#######.##...........##########
#.######h###....<....^... #.#
#)# ##.########### #.# #o#
#.####### ########.# #o#
#.#.....# ##....)..>######o#
#.#.##### ...#####.........#
#.....# #..# #..#####..#
###.### ...# #..# #..# ### #..#
#..# #... #..# #..# #... #....
...# #...


You could see 3 orcs.

Vanquished Creatures
  Jessica (D:2)
  2 adders
  2 dart slugs
  A ribbon worm (D:2)
  An orc (D:3)
  5 bats
  5 endoplasms
  A giant cockroach (D:1)
  10 goblins
  5 hobgoblins
  A kobold (D:1)
  3 quokkas
  3 ball pythons (D:1)
  4 frilled lizards
  3 rats
47 creatures vanquished.

Notes
Turn   | Place    | Note
-------+----------+-------------------------------------------
     0 | D:1      | AlterAsc the Octopode Shapeshifter began the quest for the
                  | Orb.
     0 | D:1      | Reached XP level 1. HP: 13/13 MP: 1/1
    40 | D:1      | Found Bata's Book Shoppe.
   117 | D:1      | Reached XP level 2. HP: 15/18 MP: 2/2
   248 | D:1      | Reached skill level 4 in Unarmed Combat
   268 | D:1      | Reached XP level 3. HP: 18/23 MP: 3/3
  1108 | D:2      | Noticed Jessica
  1113 | D:2      | Killed Jessica
  1114 | D:2      | Reached skill level 5 in Unarmed Combat
  1114 | D:2      | Reached XP level 4. HP: 28/28 MP: 4/4
  1809 | D:3      | Slain by an orc

Illustrated notes

Levels and vault maps discovered:
D:1:      dpeg_arrival_rhombus, layout_loops_ring, serial_shops,
          nicolae_shop_window_shopping, minmay_indecisive_spiral
D:2:      layout_loops_corners, serial_bayou_lake_a, uniq_jessica
D:3:      layout_loops_ring, grunt_temple_overflow_octagram,
          ebering_ecumenical_altar_sacrificial

Skill      XL: |  1  2  3 |
---------------+----------+-----
Unarmed Combat | 4 5 |  5.3
Fighting       | |  1.0
Dodging        | |  2.0
Shapeshifting  | |  3.0

Action                     |  1- 3 |  4- 6 || total
---------------------------+-------+-------++-------
  Melee: Unarmed           |    68 |    28 ||    96
         Tentacles         |    16 |     4 ||    20
         Constrict         |    15 |     6 ||    21
         Punch             |     1 |     1 ||     2
  Throw: Stone             |     3 |     6 ||     9
   Stab: Sleeping          |     5 |     2 ||     7
         Distracted        |       |     1 ||     1
 Armour: Skin              |    24 |     8 ||    32
  Dodge: Dodged            |    35 |    15 ||    50
